 Dungeon Crawl Stone Soup version 0.26-a0-774-g1415c89e12 (webtiles) character file.

Game seed: 13558021798390076907

3162 Kinoniko the Carver (level 9, -1/80 HPs)
             Began as a Grey Draconian Gladiator on Nov 9, 2020.
             Was a Priest of Makhleb.
             Slain by an orc knight
             ... wielding a +0 war axe
              (6 damage)
             ... in a bailey.
             The game lasted 00:11:08 (8820 turns).

Kinoniko the Carver (Grey Draconian Gladiator)      Turns: 8820, Time: 00:11:09

Health: -1/80      AC: 15    Str: 20    XL:     9   Next: 63%
Magic:  8/8        EV: 20    Int:  8    God:    Makhleb [***...]
Gold:   340        SH:  5    Dex: 15    Spells: 8/8 levels left

rFire    + . .     SeeInvis .   a - +2 long sword
rCold    + + .     Faith    .   (no shield)
rNeg     . . .     Spirit   .   (armour unavailable)
rPois    +         Reflect  +   b - +0 hat
rElec    +         Harm     .   r - +0 cloak
rCorr    +         Rampage  .   k - +0 pair of gloves
MR       .....                  q - +0 pair of boots
Stlth    +.........             s - amulet of reflection
HPRegen  0.23/turn              f - +4 ring of evasion
MPRegen  0.11/turn              i - ring of protection from cold

@: resistant
A: walk through water, unfitting armour, hooves 1, low mp 1, strong 1,
unbreathing, no potion heal 1, cold-blooded, AC +12
a: Minor Destruction, Lesser Servant of Makhleb, Renounce Religion


You were in a bailey.
You worshipped Makhleb.
Makhleb was most pleased with you.
You visited 2 branches of the dungeon, and saw 9 of its levels.
You also visited: Sewer and Bailey.

You collected 455 gold pieces.
You spent 115 gold pieces at shops.

Inventory:

Hand Weapons
 a - a +2 long sword (weapon)
 h - a +0 dagger of electrocution
Missiles
 c - 5 throwing nets (quivered)
Armour
 b - a +0 hat (worn)
 k - a +0 pair of gloves (worn)
 q - a +0 pair of boots (worn)
 r - a +0 cloak (worn)
Jewellery
 f - a +4 ring of evasion (left hand)
 i - a ring of protection from cold (right hand)
 j - an uncursed ring of resist corrosion
 l - an uncursed amulet of magic regeneration
 m - an uncursed ring of flight
 n - an uncursed ring of wizardry
 p - an uncursed ring of fire
 s - an amulet of reflection (around neck)
Wands
 u - a wand of disintegration (12)
 v - a wand of iceblast (6)
 x - a wand of random effects (9)
Scrolls
 d - 4 scrolls of fear
 e - a scroll of blinking
 g - 3 scrolls of teleportation
 t - a scroll of amnesia
Potions
 o - a potion of curing


   Skills:
 + Level 7.7 Fighting
 * Level 10.1 Long Blades
 - Level 1.7 Throwing
 + Level 6.7 Dodging


You had 8 spell levels left.
You didn't know any spells.
Your spell library was empty.

Dungeon Overview and Level Annotations

Branches:
Dungeon (8/15)             Temple (1/1) D:4           Sewer (visited)
 Bailey (1/1)
   Lair: D:8-11

Altars:
Ashenzari
Cheibriados
Dithmenos
Elyvilon
Fedhas
Gozag
Hepliaklqana
Kikubaaqudgha
Makhleb
Nemelex Xobeh
Okawaru
Qazlal
Ru
Sif Muna
Trog
Vehumet
Wu Jian
Xom
Yredelemnul
Zin
The Shining One

Shops:
D:4 (*(   D:5 :


Innate Abilities, Weirdness & Mutations

You can walk through water.
Your dull iron-grey scales are very hard. (AC +12)
You cannot fit into any form of body armour.
You can survive without breathing.
You are cold-blooded and may be slowed by cold attacks.
You have large cloven feet.
Your magical capacity is low. (-10% MP)
Your muscles are strong. (Str +2)
Potions are less effective at restoring your health.


Message History

The orc knight barely misses you.
You riposte.
You hit the orc knight but do no damage.
The orc knight is severely wounded.
You hit the orc knight.
The orc knight is severely wounded.
The orc knight hits you with a +0 war axe!!
* * * LOW HITPOINT WARNING * * *
You barely miss the orc knight.
The orc knight is severely wounded.
You block the orc knight's attack.
You hit the orc knight but do no damage.
The orc knight is severely wounded.
You barely miss the orc knight.
The orc knight is severely wounded.
You block the orc knight's attack.
You hit the orc knight but do no damage.
You tail-slap the orc knight, but do no damage.
The orc knight is severely wounded.
The orc knight hits you with a +0 war axe.
You die...

#≈≈≈≈≈# ###≈≈≈≈≈#
#.≈≈≈≈≈≈#
#.≈≈≈≈≈.######
####++#.≈≈≈≈≈......#
#.g...#.≈≈≈≈≈......###
#.....'......).......#
#ogg..'.....)@...∩..∩#
#.....'.....)o.......#
#.....#.≈≈≈≈≈......###
####++#.≈≈≈≈≈......#
#.≈≈≈≈≈.######
#.≈≈≈≈≈≈# ###≈≈≈≈≈#
#≈≈≈≈≈#


You could see an orc knight.

Vanquished Creatures
  A komodo dragon (D:7)
  Prince Ribbit (D:6)
  Sigmund (D:6)
  Menkaure (D:7)
  A black bear (D:6)
  An ice beast (D:6)
  A sky beast (D:8)
  4 orc warriors (D:7)
  An ogre (D:7)
  4 centaurs
  4 bullfrogs
  A wyvern zombie (D:7)
  A scorpion (D:5)
  3 howler monkeys
  An orc priest (D:6)
  A hound (D:4)
  A jelly (D:6)
  3 orc wizards (D:7)
  2 iguanas
  A centaur skeleton (D:6)
  5 worker ants
  A worker ant zombie (D:8)
  8 gnolls
  A howler monkey skeleton (D:4)
  19 adders
  A white imp (D:5)
  5 ufetubi
  12 oozes (Sewer)
  2 adder skeletons
  2 adder zombies
  A worm (D:2)
  A dart slug (D:1)
  12 leopard geckos
  19 orcs
  9 ball pythons
  6 bats
  2 bat skeletons (D:2)
  12 giant cockroaches
  11 goblins
  8 hobgoblins
  6 jackals (D:1)
  7 kobolds
  4 quokkas
  26 frilled lizards
  A giant cockroach zombie (D:5)
  A jackal skeleton (D:2)
  A jackal zombie (D:7)
  A leopard gecko skeleton (D:2)
  10 rats
228 creatures vanquished.

Vanquished Creatures (others)
  6 plants (D:7)
  4 withered plants (D:2)
10 creatures vanquished.

Grand Total: 238 creatures vanquished

Notes
Turn   | Place    | Note
-------+----------+-------------------------------------------
     0 | D:1      | Kinoniko the Draconian Gladiator began the quest for the
                  | Orb.
     0 | D:1      | Reached XP level 1. HP: 17/17 MP: 1/1
    72 | D:1      | Reached XP level 2. HP: 25/25 MP: 2/2
   717 | D:1      | Reached XP level 3. HP: 25/30 MP: 3/3
  1395 | D:2      | Reached skill level 4 in Long Blades
  1714 | D:2      | Reached XP level 4. HP: 36/38 MP: 4/4
  2259 | D:3      | Reached XP level 5. HP: 26/45 MP: 5/5
  3011 | D:3      | Gained mutation: Your magical capacity is low. (-10% MP)
                  | [potion of mutation]
  3011 | D:3      | Gained mutation: Your muscles are strong. (Str +2) [potion
                  | of mutation]
  3011 | D:3      | Gained mutation: Potions are less effective at restoring
                  | your health. [potion of mutation]
  3011 | D:3      | Gained mutation: You have large cloven feet. [potion of
                  | mutation]
  3014 | D:3      | Reached skill level 5 in Long Blades
  3388 | D:3      | Reached XP level 6. HP: 52/52 MP: 5/5
  3740 | D:4      | Found Biti's Assorted Antiques.
  3808 | D:4      | Bought a triangular silver amulet for 115 gold pieces
  3943 | D:4      | Found a glowing silver altar of Zin.
  4107 | D:4      | Found Udghiral's Weapon Emporium.
  4294 | D:4      | Found Naatehau's Antique Weapon Emporium.
  4369 | D:4      | Reached skill level 6 in Long Blades
  4384 | D:4      | Found a staircase to the Ecumenical Temple.
  4395 | Temple   | Entered the Ecumenical Temple
  4441 | Temple   | Became a worshipper of Makhleb the Destroyer
  5180 | D:5      | Entered Level 5 of the Dungeon
  5210 | D:5      | Found a glowing drain.
  5215 | D:5      | Your scales start taking on a dull iron-grey colour.
  5215 | D:5      | Reached XP level 7. HP: 60/60 MP: 6/6
  5215 | D:5      | Gained mutation: You can survive without breathing. [Grey
                  | Draconian growth]
  5233 | Sewer    | Entered a sewer
  5374 | Sewer    | Reached * piety under Makhleb
  5559 | Sewer    | Reached skill level 5 in Fighting
  5616 | D:5      | Found Icughod's Book Shoppe.
  5836 | D:5      | Reached skill level 7 in Long Blades
  6032 | D:5      | Reached skill level 5 in Dodging
  6032 | D:5      | Reached XP level 8. HP: 47/69 MP: 7/7
  6244 | D:5      | Found a shimmering blue altar of Sif Muna.
  6850 | D:6      | Found a hazy altar of Hepliaklqana.
  6934 | D:6      | Found a glowing golden altar of the Shining One.
  6934 | D:6      | Found a sparkling altar of Nemelex Xobeh.
  6935 | D:6      | Found a stormy altar of Qazlal.
  7036 | D:6      | Reached ** piety under Makhleb
  7049 | D:6      | Found an ornate altar of the Wu Jian Council.
  7128 | D:6      | Noticed Sigmund
  7134 | D:6      | Killed Sigmund
  7134 | D:6      | Reached skill level 8 in Long Blades
  7237 | D:7      | Noticed Prince Ribbit
  7261 | D:6      | Killed Prince Ribbit
  7435 | D:7      | Noticed Menkaure
  7437 | D:7      | Reached XP level 9. HP: 78/78 MP: 8/8
  7448 | D:7      | Killed Menkaure
  7448 | D:7      | Reached skill level 9 in Long Blades
  7830 | D:7      | Noticed a komodo dragon
  7851 | D:7      | Killed a komodo dragon
  8130 | D:7      | Reached *** piety under Makhleb
  8462 | D:8      | Reached skill level 10 in Long Blades
  8542 | D:8      | Found an iron altar of Okawaru.
  8749 | D:8      | Found a flagged portal.
  8760 | Bailey   | Entered a bailey
  8776 | Bailey   | Noticed an orc knight
  8816 | Bailey   | HP: 4/80 [orc knight/+0 war axe (22)]
  8820 | Bailey   | Slain by an orc knight

Illustrated notes

Levels and vault maps discovered:
D:1:      dpeg_arrival_tiny_c, layout_basic, serial_forest,
          infiniplex_forest_clump_small, infiniplex_forest_zigzag_1,
          infiniplex_forest_fountain, infiniplex_forest_clump_large,
          infiniplex_forest_clump_small, infiniplex_forest_fountain,
          infiniplex_forest_clump_tiny, minivault_4, nrook_mini_vaults
D:2:      layout_loops_ring, serial_undead, serial_undead_c, serial_undead_b,
          serial_undead_b, serial_undead_f
D:3:      layout_basic
D:4:      layout_layer_cave, nicolae_overflow_hidden_temple,
          minmay_temple_entry_antechambers, serial_shops, shop_statue,
          nicolae_shop_waterfront, nicolae_shop_statue_plus
D:5:      layout_loops_corners, overflow_temple_1_default, serial_shops, shop,
          portal_sewer_entry_f
D:6:      layout_basic, kennysheep_mini_moat, lemuel_round_altar,
          gammafunk_temple_overflow_forgotten, uniq_sigmund
D:7:      layout_basic, minmay_lizard_king, uniq_prince_ribbit1, uniq_menkaure
D:8:      layout_loops_cross, kennysheep_okawaru_gauntlet, enter_bailey_7
Temple:   nicolae_temple_god_jail
Bailey:   bailey_axe_of_yendor_kennysheep, bailey

Skill      XL: |  1  2  3  4  5  6  7  8  9 |
---------------+----------------------------+-----
Dodging        | 3 4 5 6 |  6.7
Long Blades    | 4 5 6 7 8 10 | 10.1
Fighting       | 3 4 5 6 7 |  7.7
Throwing       | |  1.7

Action                   |  1- 3 |  4- 6 |  7- 9 || total
-------------------------+-------+-------+-------++-------
Melee: Long sword        |    36 |    89 |   388 ||   513
       Tailslap          |    11 |    29 |    69 ||   109
       Dagger            |    81 |    99 |       ||   180
       Kick              |       |     3 |       ||     3
  Use: Potion            |       |     3 |     4 ||     7
       Scroll            |       |    13 |     3 ||    16
 Stab: Sleeping          |     2 |     1 |     1 ||     4
       Distracted        |       |       |     1 ||     1
       Invisible         |       |       |     3 ||     3
Armor: Skin              |    42 |    48 |   101 ||   191
Dodge: Dodged            |    98 |   140 |   303 ||   541
Block: Other             |       |       |    51 ||    51
       Rpst.: Long sword |    10 |    24 |   100 ||   134

Table legend: (Time is in decaauts)
 A = Elapsed time spent in this place.
 B = Non-inter-level travel time spent in this place.
 C = Inter-level travel time spent in this place.
 D = Time resting spent in this place.
 E = Time spent auto-exploring this place.
 F = Levels seen in this place.
 G = Mean time per level.
                   A        B        C        D        E       F      G
               +--------+--------+--------+--------+--------+-----+--------+
         Total |   8809 |   8617 |    192 |   1846 |   5322 |  11 |  800.8 |
       Dungeon |   8308 |   8116 |    192 |   1846 |   5104 |   8 | 1038.5 |
        Temple |     63 |     63 |      0 |      0 |     39 |   1 |   63.0 |
         Sewer |    380 |    380 |      0 |      0 |    179 |   1 |  380.0 |
        Bailey |     56 |     56 |      0 |      0 |      0 |   1 |   56.0 |
               +--------+--------+--------+--------+--------+-----+--------+

Top non-repeatable levels by time:
     D:4: 1449 daAuts
     D:3: 1447 daAuts
     D:1: 1326 daAuts
     D:5: 1220 daAuts
     D:7: 1090 daAuts
     D:2: 886 daAuts
     D:6: 512 daAuts
   Sewer: 380 daAuts
     D:8: 375 daAuts
  Temple: 63 daAuts
  Bailey: 56 daAuts
